 Dungeon Crawl Stone Soup version 0.22-a0-83-g218e7ff (webtiles) character file.

28 Kidiri the Magician (level 3, 0/28 HPs)
             Began as a Deep Elf Fire Elementalist on Jan 20, 2018.
             Succumbed to an adder's poison
             ... on level 2 of the Dungeon.
             The game lasted 00:02:38 (958 turns).

Kidiri the Magician (Deep Elf Fire Elementalist)     Turns: 958, Time: 00:02:39

Health: 0/28       AC:  2    Str: 10    XL:     3   Next: 0%
Magic:  9/10       EV: 12    Int: 20    God:
Gold:   55         SH:  0    Dex: 15    Spells: 7/10 levels left

rFire    . . .     SeeInvis .   e - +0 dagger
rCold    . . .     Gourm    .   (no shield)
rNeg     . . .     Faith    .   a - +0 robe
rPois    .         Spirit   .   (no helmet)
rElec    .         Reflect  .   (no cloak)
rCorr    .         Harm     .   (no gloves)
MR       .....                  (no boots)
Stlth    ..........             (no amulet)
HPRegen  0.09/turn              g - ring of loudness (curse)
MPRegen  0.12/turn              (no ring)

@: berserking, lethally poisoned (0 -> -4), heavily drained, very quick
A: no striking features
a: no special abilities


You were on level 2 of the Dungeon.
You were not hungry.

You visited 1 branch of the dungeon, and saw 2 of its levels.

You collected 55 gold pieces.

Inventory:

Hand Weapons
 e - a +0 dagger (weapon)
Armour
 a - a +0 robe (worn)
Jewellery
 g - a cursed ring of loudness (left hand)
Scrolls
 f - a scroll of fog {unknown}
 h - 2 scrolls of identify {unknown}
Potions
 d - a potion of berserk rage
 i - a potion of mutation {unknown}
Books
 b - a book of Flames

   Spells                             Type                      Level
   a - Flame Tongue                   Conjuration/Fire             1
   b - Throw Flame                    Conjuration/Fire             2
   c - Conjure Flame                  Conjuration/Fire             3
   d - Inner Flame                    Hexes/Fire                   3
   e - Sticky Flame                   Conjuration/Fire             4
   f - Fireball                       Conjuration/Fire             5
Comestibles
 c - a ration


   Skills:
 - Level 2.4(0.9) Dodging
 - Level 2.4(0.9) Stealth
 * Level 4.0(2.4) Spellcasting
 + Level 1.8(0.3) Conjurations
 + Level 3.6(2.1) Fire Magic


You had 7 spell levels left.
You knew the following spells:

 Your Spells              Type           Power        Failure   Level  Hunger
a - Flame Tongue          Conj/Fire      #....        9%          1    #......
b - Throw Flame           Conj/Fire      #.....       14%         2    ##.....


Dungeon Overview and Level Annotations

Branches:
Dungeon (2/15)

Altars:

Annotations:
D:2 Terence


Message History

The adder closely misses you. The adder closely misses you.
The goblin misses you. The hobgoblin hits you.
Found a scroll labeled ZIBLIT LAP TUOSID.
You see here 11 gold pieces.
The adder bites you. The adder bites you.
You are lethally poisoned!
The adder poisons you!
You feel sick.
* * * LOW HITPOINT WARNING * * *
You feel sick. The adder bites you.
* * * LOW HITPOINT WARNING * * *
It was a potion of berserk rage.
A red film seems to cover your vision as you go berserk!
You feel yourself moving faster!
You feel mighty! The adder barely misses you.
You are too berserk!
You feel a strong urge to attack something.
You die...

.....%......## #.# #.<.....#
.............######.# #......)#
................##..# #.......###
.................#.####..........
......................#..........
........######.#........##......^
......#.######...................
....>...##...###.................
..............##@...(...<........
.....>....................>......
.............KSg............####.
......................).....#....
............g.............###....
........##.g...#.................
........##.r..##.#..####...#.....
#.##.@.$.@...###...## ##...#....
.......?.........#.# ###.#..<.


You could see Terence, an adder, 2 hobgoblins, a goblin, a kobold and a rat.

Vanquished Creatures
  2 oozes (D:2)
  2 leopard geckos (D:2)
  2 giant cockroaches
  A goblin (D:2)
  3 hobgoblins
  A kobold (D:1)
  3 bats (D:1)
  A frilled lizard (D:1)
15 creatures vanquished.

Notes
Turn   | Place    | Note
-------+----------+-------------------------------------------
     0 | D:1      | Kidiri the Deep Elf Fire Elementalist began the quest for the Orb.
     0 | D:1      | Reached XP level 1. HP: 10/10 MP: 6/6
   419 | D:1      | Reached XP level 2. HP: 14/15 MP: 4/8
   423 | D:1      | Learned a level 2 spell: Throw Flame
   916 | D:2      | Reached skill level 4 in Spellcasting
   916 | D:2      | Reached XP level 3. HP: 15/19 MP: 4/10
   917 | D:2      | Noticed Terence
   958 | D:2      | Succumbed to an adder's poison

Vault maps used:
D:1:      sevenhm_arrival_forest_fort_small_3, serial_corexii_hall,
          corexii_hall_statues_i, corexii_hall_statues_l, st_stairs_13
D:2:      uniq_terence

Skill      XL: |  1  2 |
---------------+-------+-----
Spellcasting   | 4 |  4.0
Dodging        | |  2.4
Stealth        | |  2.4
Conjurations   | |  1.8
Fire Magic     | |  3.6

Action                   || total
-------------------------++-------
Melee: Dagger            ||     4
 Cast: Flame Tongue      ||    22
  Use: Potion            ||     1
Armor: Robe              ||     3
Dodge: Dodged            ||    17

Table legend:
 A = Spawn XP
 B = Non-spawn XP
 C = Spawn XP percentage of total XP
 D = Spawn monster count
 E = Non-spawn monster count
 F = Spawn count percentage of total count
 G = Total turns spent on level
                    A         B        C        D         E        F      G
               +---------+---------+-------+---------+---------+-------+---------
         Total |       0 |      41 |   0.0 |       0 |      15 |   0.0 |   958
               +---------+---------+-------+---------+---------+-------+---------
           D:1 |       0 |      12 |   0.0 |       0 |       7 |   0.0 |   627
           D:2 |       0 |      29 |   0.0 |       0 |       8 |   0.0 |   331
               +---------+---------+-------+---------+---------+-------+---------
